 Dungeon Crawl Stone Soup version 0.29-a0-422-gafbd6decc1 (webtiles) character file.

Game seed: 537205315898213888

34 xian the Ruffian (level 3, -5/33 HPs)
             Began as a Ghoul Chaos Knight on May 18, 2022.
             Was a Plaything of Xom.
             Slain by an iron imp (10 damage)
             ... summoned by Xom
             ... on level 2 of the Dungeon.
             The game lasted 00:05:47 (1692 turns).

xian the Ruffian (Ghoul Chaos Knight)               Turns: 1692, Time: 00:05:48

Health: -5/33      AC:  5    Str: 17    XL:     3   Next: 31%
Magic:  2/2        EV:  9    Int: 11    God:    Xom [...*..]
Gold:   47         SH:  6    Dex: 10    Spells: 2/2 levels left

rFire   . . .      SeeInvis .     - Unarmed
rCold   + + .      Faith    .   h - +0 kite shield "Besiczur" {rElec rC+ Int+4 Dex+2}
rNeg    + + +      Spirit   .   a - +2 leather armour
rPois   ∞          Reflect  .   (no helmet)
rElec   +          Harm     .   (no cloak)
rCorr   .          Rampage  .   (no gloves)
Will    .....                   (no boots)
Stlth   +.........              (no amulet)
HPRegen 0.00/turn               (no ring)
MPRegen 0.08/turn               (no ring)

@: inhibited regen
A: claws 1, cold resistance 1, negative energy resistance 3, inhibited
regeneration, torment resistance 2, devour on kill
a: Renounce Religion


You were on level 2 of the Dungeon.
You worshipped Xom.
You were a favourite toy of Xom.
You visited 1 branch of the dungeon, and saw 2 of its levels.

You collected 47 gold pieces.

Inventory:

Armour
 a - a +2 leather armour (worn)
 h - the +0 kite shield "Besiczur" (worn) {rElec rC+ Int+4 Dex+2}
   (Xom gifted it to you on level 1 of the Dungeon)

   Int:       It affects your intelligence (+4).
   Dex:       It affects your dexterity (+2).
   rC:        It protects you from cold.
   rElec:     It insulates you from electricity.
Scrolls
 c - 3 scrolls of identify {unknown}
 d - a scroll of magic mapping {unknown}
 f - a scroll of poison {unknown}
 g - 2 scrolls of fog {unknown}
 k - a scroll of fear {unknown}
Potions
 e - 3 potions of haste {unknown}
 i - a potion of mutation {unknown}
 j - 2 potions of heal wounds {unknown}
 l - a potion of curing {unknown}
 m - a potion of magic {unknown}
 n - a potion of flight {unknown}
Miscellaneous
 b - a piece from Xom's chessboard (15/15) (quivered)


   Skills:
 + Level 3.8 Fighting
 + Level 2.0 Armour
 + Level 1.1 Dodging
 + Level 0.2 Stealth
 + Level 4.0 Unarmed Combat


You had 2 spell levels left.
You didn't know any spells.
Your spell library contained the following spells:

 Spells                   Type           Power      Damage    Failure   Level
 Animate Skeleton         Necr           0%         N/A       83%         1
 Pain                     Necr           0%         1d4       83%         1
 Ensorcelled Hibernation  Hex/Ice        0%         N/A       93%         2
 Passwall                 Tmut/Erth      0%         N/A       93%         2
 Swiftness                Air            0%         N/A       99%         3
 Vampiric Draining        Necr           0%         2d6       99%         3


Dungeon Overview and Level Annotations

Branches:
Dungeon (2/15)

Altars:

Shops:
D:1 (*


Innate Abilities, Weirdness & Mutations

You are immune to poison.
You have sharp fingernails.
Your flesh is cold resistant. (rC+)
You are immune to negative energy. (rN+++)
You do not regenerate when monsters are visible.
You are immune to unholy pain and torment.
You thrive by killing the living.


Message History

The white imp barely misses you. The iron imp hits you.
You scratch the white imp.
The white imp is moderately wounded.
You block the white imp's attack. The iron imp hits you.
You scratch the white imp but do no damage.
The white imp is moderately wounded.
The white imp gestures at you. The puff of frost hits you. You resist.
The iron imp hits you but does no damage.
The white imp hits you but does no damage.
You scratch the white imp.
The white imp is heavily wounded.
The white imp gestures at you. The puff of frost misses you.
You block the iron imp's attack.
You barely miss the white imp.
The white imp is heavily wounded.
The white imp closely misses you.
You barely miss the white imp.
The white imp is heavily wounded.
The iron imp barely misses you. The white imp barely misses you.
You scratch the white imp but do no damage.
The white imp is heavily wounded.
The iron imp hits you! You block the white imp's attack.
You scratch the white imp.
The white imp is heavily wounded.
The iron imp hits you but does no damage.
The white imp gestures at you. The puff of frost hits you. You resist.
You closely miss the white imp.
The white imp is heavily wounded.
You block the white imp's attack. You block the iron imp's attack.
You claw the white imp!
You kill the white imp!
The white imp disappears in a puff of smoke!
You block the iron imp's attack.
You closely miss the iron imp. The iron imp hits you.
* * * LOW HITPOINT WARNING * * *
You closely miss the iron imp. The iron imp closely misses you.
You barely miss the iron imp. The iron imp hits you!
You die...

#...#†.....#
#...#.######
#...#.######
#..........#
#..........#
###...†....##
#..........
#........##
#..@.....#
#.5......#
#........#
##########


You could see an iron imp (summoned).

Vanquished Creatures
  A gnoll (D:1)
  4 endoplasms
  3 giant cockroaches (D:1)
  A goblin (D:2)
  3 hobgoblins
  3 ball pythons
  A bat (D:1)
  3 kobolds
  5 rats
24 creatures vanquished.

Vanquished Creatures (others)
  A plant (D:2)
1 creature vanquished.

Grand Total: 25 creatures vanquished

Notes
Turn   | Place    | Note
-------+----------+-------------------------------------------
     0 | D:1      | xian the Ghoul Chaos Knight began the quest for the Orb.
     0 | D:1      | Reached XP level 1. HP: 19/19 MP: 0/0
    13 | D:1      | Found Uqoarudooxt's Assorted Antiques.
   104 | D:1      | XOM: butterfly on damage
   278 | D:1      | XOM: smoke on damage
   281 | D:1      | Reached XP level 2. HP: 23/26 MP: 1/1
   464 | D:1      | Found Panocvep's Weapon Shop.
   476 | D:1      | Reached skill level 1 in Dodging
   558 | D:1      | XOM: noise
   578 | D:1      | XOM is BORED!
   582 | D:1      | Reached XP level 3. HP: 33/33 MP: 2/2
   635 | D:1      | XOM: god gift: brightly glowing kite shield {god gift}
   635 | D:1      | Identified the +0 kite shield "Besiczur" {rElec rC+ Int+4
                  | Dex+2} (Xom gifted it to you on level 1 of the Dungeon)
   739 | D:1      | XOM: cloud trail
   766 | D:1      | XOM: summons 1 hostile shadow creature
   998 | D:1      | XOM: summons 2 hostile demons
  1023 | D:1      | XOM: divination: detect items
  1248 | D:2      | Found a faded altar of an unknown god.
  1658 | D:2      | Reached skill level 4 in Unarmed Combat
  1675 | D:2      | XOM is BORED!
  1675 | D:2      | XOM: summons 2 hostile demons
  1692 | D:2      | Slain by an iron imp

Illustrated notes

Levels and vault maps discovered:
D:1:      roderic_crossed_star, layout_basic, serial_shops,
          nicolae_shop_bloodbath_and_beyond, nicolae_square_shop,
          minmay_pentomino_x4
D:2:      layout_basic, shapermc_ecumenical_altar_mp_urbaneastern,
          minmay_misc_feat_pillars

Skill      XL: |  1  2  3 |
---------------+----------+-----
Dodging        | 1 |  1.1
Armour         | 2 |  2.0
Unarmed Combat | 4 |  4.0
Fighting       | |  3.8
Stealth        | |  0.2

Action                   || total
-------------------------++-------
Melee: Unarmed           ||    79
       Punch             ||     2
Evoke: Piece from Xom's  ||     1
Armor: Leather armour    ||    29
Dodge: Dodged            ||    37
Block: Kite shield       ||    19

Table legend: (Time is in decaauts)
 A = Elapsed time spent in this place.
 B = Non-inter-level travel time spent in this place.
 C = Inter-level travel time spent in this place.
 D = Time resting spent in this place.
 E = Time spent auto-exploring this place.
 F = Levels seen in this place.
 G = Mean time per level.
                   A        B        C        D        E       F      G
               +--------+--------+--------+--------+--------+-----+--------+
         Total |   1694 |   1694 |      0 |     45 |   1322 |   2 |  847.0 |
       Dungeon |   1694 |   1694 |      0 |     45 |   1322 |   2 |  847.0 |
               +--------+--------+--------+--------+--------+-----+--------+

Top non-repeatable levels by time:
     D:1: 1189 daAuts
     D:2: 504 daAuts
